Cogmind - Beta 13 @@@ ROGUE MODE // 2024.05.17 @ 18:32:02 Player: Bace Troncons Result: Destroyed by AW-EOI(R) with Subdweller Beam Cannon Performance ------------- Evolutions (0) 0 Regions Visited (2) 400 Robots Destroyed (34) 170 Value Destroyed (846) 846 Prototype IDs (2) 40 Alien Tech Used (0) 0 Bonus (0) 0 TOTAL SCORE: 1456 Bonus ------- None Cogmind --------- Core Integrity 0/250 Matter 266/300 Energy 100/100 System Corruption 0% Temperature Cool (9) Movement Core (350) Ox6 Location -10/Subcaves Parts ------- > --- POWER (1) -------- (None) > --- PROPULSION (2) --- (None) > --- UTILITY (2) ------ Medium Storage Unit Core Shielding > --- WEAPON (2) ------- Slug Cannon Hammer > --- INVENTORY (10) --- Improved Ion Engine Improved Ion Engine Terrain Scanner Makeshift Light Armor Plating Makeshift Light Armor Plating Assault Rifle Subdweller Machine Gun Barrage Gun Battle Cannon Grenade Launcher Peak State ------------ > --- POWER ------------ Improved Ion Engine > --- PROPULSION ------- Light Treads > --- UTILITY ---------- Medium Storage Unit Core Shielding > --- WEAPON ----------- Barrage Gun Slug Cannon > --- INVENTORY -------- Improved Ion Engine Improved Ion Engine Terrain Scanner Assault Rifle Subdweller Machine Gun Light Cannon Grenade Launcher Hammer [Rating: 13] Favorites ----------- Power Improved Ion Engine Engine Improved Ion Engine Propulsion Light Treads Treads Light Treads Leg Aluminum Leg Utility Medium Storage Unit Storage Medium Storage Unit Processor Targeting Computer Protection Core Shielding Weapon Barrage Gun Energy Gun EM Pulse Gun Ballistic Gun Barrage Gun Ballistic Cannon Slug Cannon Launcher Grenade Launcher Impact Weapon Hammer Build | -11 -10 -10 ------- Run | Yrd Mat Sub Slots Evolved . | . . . Power . | . . . Propulsion . | . . . Utility . | . . . Weapon . | . . . Parts Attached 31 | 7 13 11 Power 4 | 2 1 1 Engine 4 | 2 1 1 Core . | . . . Reactor . | . . . Propulsion 5 | 3 1 1 Treads 4 | 2 1 1 Leg 1 | 1 . . Wheel . | . . . Hover . | . . . Flight . | . . . Utility 6 | 1 4 1 Device . | . . . Storage 2 | 1 1 . Processor 1 | . 1 . Hackware . | . . . Protection 3 | . 2 1 Artifact . | . . . Weapon 16 | 1 7 8 Energy Gun 2 | 1 1 . Energy Cannon . | . . . Ballistic Gun 7 | . 4 3 Ballistic Cannon 3 | . . 3 Launcher 2 | . 2 . Special Weapon . | . . . Impact Weapon 2 | . . 2 Slashing Weapon . | . . . Piercing Weapon . | . . . Special Melee Weapon . | . . . Unidentified Prototypes . | . . . Parts Lost 6 | . . 6 Power 2 | . . 2 Propulsion 3 | . . 3 Utility 1 | . . 1 Weapon . | . . . Highest Loss Streak 2 | . . 2 To Critical Strikes . | . . . Average Slot Usage (%) 85 | . 94 82 Engine 13 | . 14 13 Treads 15 | . 28 11 Storage 14 | . 14 14 Protection 12 | . 8 13 Energy Gun 1 | . 7 . Ballistic Gun 14 | . 16 13 Ballistic Cannon 7 | . . 9 Impact Weapon 3 | . . 4 Naked Turns . | . . . Heaviest Build 28 | 12 21 28 Greatest Support 40 | 40 40 40 Greatest Overweight (x) 9 | 3 . 9 Average Overweight (x) 1 | . . 2 Largest Inventory Capacity 10 | 8 10 10 Average Capacity 9 | 7 8 10 Most Carried 10 | 4 9 10 Average Carried 7 | 2 7 8 Final Capacity 10 | 8 10 10 Final Carried 10 | 4 9 10 Class Distribution -------------------- 100% | Mutant Dominant Class ---------------- Mutant | -10/Materials Mutant | -10/Subcaves Resources | -11 -10 -10 ----------- Run | Yrd Mat Sub Matter Collected 1038 | 270 378 390 Remotely . | . . . Salvage Created 903 | . 436 467 Parts 64 | . 38 26 Haulers Intercepted 2 | . 2 . Recyclers Shooed 1 | . 1 . Parts Field Recycled . | . . . Retrieved Matter . | . . . Parts Self-Destructed 14 | . . 14 Prevented . | . . . Kills | -11 -10 -10 ------- Run | Yrd Mat Sub Combat Hostiles Destroyed 25 | . 9 16 Guns 14 | . 7 7 Cannons 9 | . . 9 AOE 2 | . 2 . Classes Destroyed 9 | . 7 2 Worker 3 | . 3 . Builder 1 | . 1 . Hauler 2 | . 2 . Operator 2 | . 2 . Watcher 1 | . 1 . Swarmer 7 | . 3 4 Grunt 8 | . 6 2 Sentry 1 | . . 1 Subdweller 9 | . . 9 Best Kill Streak 3 | . 3 3 Combat Bots Only 3 | . 3 3 Max Kills in Single Turn 2 | . 1 2 Gunslinging 1 | . . 1 Exploded 1 | . 1 . Melee . | . . . Uniques/NPCs Destroyed . | . . . Combat | -11 -10 -10 -------- Run | Yrd Mat Sub Hostile Shots Fired 161 | . 50 111 Missed 51 | . 16 35 Damage Taken 1412 | . 374 1038 Core 254 | . 54 200 Absorbed by Shields . | . . . Redirected to Shielding 104 | . 21 83 Regen/Repaired (Parts) 21 | . 21 . Core Remaining (%) 100 | 100 . . Volleys Fired 101 | . 55 46 Largest 2 | . 2 2 Hottest 76 | . 70 76 Shots Fired 193 | . 101 92 Gun 142 | . 94 48 Cannon 44 | . . 44 Launcher 7 | . 7 . Special . | . . . Kinetic 178 | . 86 92 Thermal . | . . . Explosive 7 | . 7 . Electromagnetic 8 | . 8 . Robot Hit Streak 15 | . 15 11 Robot Miss Streak 4 | . 4 4 Penetration Max . | . . . Secondary Targets 2 | . 1 1 Max Gunslinging Chain 1 | . 1 1 Shots Hit Robots 123 | . 69 54 Core Hits 55 | . 30 25 Critical Kills 1 | . . 1 Critical Parts Destroyed . | . . . Critical Strikes 4 | . 1 3 Destroy 2 | . . 2 Blast 1 | . . 1 Corrupt 1 | . 1 . Melee Attacks 39 | . . 39 Impact 39 | . . 39 Slashing . | . . . Piercing . | . . . Sneak Attacks . | . . . Combat Hostiles . | . . . Follow-up Attacks . | . . . Damage Inflicted 2156 | . 1091 1065 Guns 1349 | . 739 610 Cannons 455 | . . 455 Explosions 347 | . 347 . Melee . | . . . Ramming 5 | . 5 . Kinetic 1727 | . 662 1065 Thermal 61 | . 61 . Explosive 286 | . 286 . Electromagnetic 77 | . 77 . Impact . | . . . Slashing . | . . . Piercing . | . . . Highest Corruption . | . . . Average Corruption . | . . . Corruption Purged . | . . . Corruption Blocked . | . . . Overload Shots . | . . . Overflow Damage 2 | . 2 . Projectiles . | . . . Explosions 2 | . 2 . Melee . | . . . Knockbacks 6 | . 1 5 Impact 1 | . 1 . Kinetic 5 | . . 5 Secondary . | . . . Self-Inflicted Damage 7 | . 7 . Shots 2 | . 2 . Rammed 1 | . 1 . Targets Rammed 2 | . 2 . Kicked . | . . . Crushed 1 | . 1 . Highest Temperature 45 | . 45 . Average Temperature 7 | . 7 . Received Heat Transfer 405 | . 144 261 Siege Activations . | . . . Robots Corrupted . | . . . Combat Hostiles . | . . . Parts Fried . | . . . Impact Corruptions . | . . . Robots Melted . | . . . Combat Hostiles . | . . . Parts Melted . | . . . Heat Transferred 100 | . 100 . Parts Sabotaged . | . . . Parts Stolen . | . . . Parts Stripped . | . . . Power Chain Reactions 1 | . 1 . Alert | -11 -10 -10 ------- Run | Yrd Mat Sub Peak Influence 208 | . 208 . Initial . | . . . Average 84 | . 90 . Maximum Alert Level 1 | . 1 . Low Security (%) 94 | 100 93 . Level 1 5 | . 6 . Level 2 . | . . . Level 3 . | . . . Level 4 . | . . . Level 5 . | . . . High Security . | . . . Max Security . | . . . Squads Dispatched 2 | . 2 . Investigation . | . . . Extermination . | . . . Reinforcement 2 | . 2 . Assault . | . . . Garrison . | . . . Intercept . | . . . Searches Triggered . | . . . Construction Impeded . | . . . Haulers Reinforced . | . . . Active Scanning Responses . | . . . Cargo Convoy Interrupts . | . . . Stealth | -11 -10 -10 --------- Run | Yrd Mat Sub Distress Signals 1 | . 1 . Communications Jammed . | . . . Distress Signals . | . . . Times Spotted 45 | . 18 27 Peak Tracking Total 5 | . 5 4 Tactical Retreats 4 | . 1 3 Traps | -11 -10 -10 ------- Run | Yrd Mat Sub Traps Triggered . | . . . Indirectly . | . . . Trap Hack Attempts . | . . . Triggered . | . . . Disarmed . | . . . Reprogrammed . | . . . Reused . | . . . Traps Extracted . | . . . Installed . | . . . Triggered . | . . . Machines | -11 -10 -10 ---------- Run | Yrd Mat Sub Machines Disabled . | . . . Max in Single Turn . | . . . Machines Repaired . | . . . Machines Dismantled . | . . . Machines Sabotaged . | . . . Overloaded Fab Kills . | . . . Hacking | -11 -10 -10 --------- Run | Yrd Mat Sub Machines Accessed 3 | . 3 . Terminals 2 | . 2 . Fabricators . | . . . Repair Stations 1 | . 1 . Recycling Units . | . . . Scanalyzers . | . . . Garrison Access . | . . . Total Hacks 12 | . 12 . Successful 7 | . 7 . Failed 5 | . 5 . Catastrophic . | . . . Database Lockouts . | . . . Manual 3 | . 3 . Terminals 7 | . 7 . Fabricators . | . . . Repair Stations 5 | . 5 . Recycling Units . | . . . Scanalyzers . | . . . Garrison Access . | . . . Terminal Hacks 4 | . 4 . Prototype ID Bank 1 | . 1 . Emergency Access Points 1 | . 1 . Transport Status 1 | . 1 . Hauler Manifests 1 | . 1 . Fabricator Hacks . | . . . Repair Station Hacks 3 | . 3 . Scan Component 2 | . 2 . Repair 1 | . 1 . Recycling Unit Hacks . | . . . Scanalyzer . | . . . Garrison Access Hacks . | . . . Unauthorized Hacks . | . . . Terminals . | . . . Fabricators . | . . . Repair Stations . | . . . Recycling Units . | . . . Scanalyzers . | . . . Garrison Access . | . . . Data Cores Recovered . | . . . Used . | . . . Hacking Detections 3 | . 3 . Full Trace Events 1 | . 1 . Feedback Events . | . . . Feedback Blocked . | . . . Robot Schematics Acquired . | . . . Robots Built . | . . . Authchips . | . . . Time . | . . . Total Robot Build Rating . | . . . Part Schematics Acquired . | . . . Parts Built . | . . . Authchips . | . . . Time . | . . . Total Part Build Rating . | . . . Parts Repaired 1 | . 1 . Time 26 | . 26 . Parts Recycled . | . . . Recycled Matter . | . . . Retrieved Matter . | . . . Retrieved Components . | . . . Parts Scanalyzed . | . . . Part Schematics Acquired . | . . . Parts Damaged . | . . . Bothacking | -11 -10 -10 ------------ Run | Yrd Mat Sub Used RIF Installer . | . . . Robots Hacked . | . . . Non-combat . | . . . Combat . | . . . Robot Hacks Applied . | . . . Relay Couplers Released . | . . . Fabnet Peak Effective % . | . . . Robots Rewired . | . . . Allies Hacked . | . . . Hacks Repelled . | . . . Allies | -11 -10 -10 -------- Run | Yrd Mat Sub Total Allies . | . . . Largest Group . | . . . Highest-Rated Group . | . . . Highest-Rated Ally . | . . . Total Orders . | . . . Ally Attacks . | . . . Total Damage . | . . . Kills . | . . . Allies Corrupted . | . . . Allies Melted . | . . . Intel | -11 -10 -10 ------- Run | Yrd Mat Sub Robot Analysis Total . | . . . Derelict Logs Recovered 1 | . . 1 Drone Launches . | . . . Drone Recoveries . | . . . Exploration | -11 -10 -10 ------------- Run | Yrd Mat Sub Turns Passed 4855 | 71 1155 3629 Spaces Moved 1857 | 38 570 1249 Core 257 | 10 . 247 Treads 1599 | 27 570 1002 Legs 1 | 1 . . Wheels . | . . . Hover . | . . . Flight . | . . . Fastest Speed 50 | 50 160 160 Average Speed 230 | 156 160 265 Slowest Speed 500 | 200 160 500 Overloaded Moves . | . . . Propulsion Burnouts . | . . . Robots Hopped . | . . . Cave-ins Triggered . | . . . Exploration Rate (%) 49 | 4 73 72 Regions Visited 2 Branch Regions 1 Pre-discovered Areas . | . . . Known Exits Taken . | . . . Unknown Exits Taken 2 | 1 1 . Scrap Searched 1 | . . 1 Spaces Dug 21 | . 12 9 Terrain Destroyed 54 | . 43 11 Melee 9 | . . 9 Projectile 2 | . . 2 AOE 43 | . 43 . Terrain Rammed . | . . . Walls Destroyed . | . . . Machines Disabled . | . . . Actions | -11 -10 -10 --------- Run | Yrd Mat Sub Total 2166 | 47 717 1402 Wait 108 | . 59 49 Move 1855 | 37 569 1249 Hop . | . . . Pick Up 15 | 2 10 3 Fast Attach 12 | 6 4 2 Attach 5 | . 1 4 Detach 5 | 1 1 3 Swap 14 | 1 8 5 Drop 10 | . 8 2 Fire 101 | . 55 46 Melee 39 | . . 39 Ram . | . . . Kick . | . . . Crush 2 | . 2 . Escape Stasis . | . . . Rewire . | . . . Trap . | . . . Miscellaneous . | . . . Route ------- -11/Scrapyard -10/Materials (discovered 4 exits: [*Mat x2] / [*Min] / [*Sub]) -10/Subcaves (discovered 3 exits: [*Mat x2] / [*Rec]) History --------- Turn | Location | Event 26 | -11/Scrapyard | Discovered new exit (range 16) 72 | -11/Scrapyard | Entered Materials 302 | -10/Materials | Build established: Mutant 373 | -10/Materials | Discovered new exit (range 14) 575 | -10/Materials | Discovered new exit (range 16) 1026 | -10/Materials | Discovered new exit (range 12) 1098 | -10/Materials | Repaired Weapon Shielding 1221 | -10/Materials | Discovered new exit (range 4) 1227 | -10/Materials | Entered Subcaves 1227 | -10/Subcaves | Discovered new exit (range 8) 2183 | -10/Subcaves | A swath of the cavern ceiling suddenly collapsed 2246 | -10/Subcaves | Ambushed by Subdwellers from Twisted Machinery 2267 | -10/Subcaves | Core integrity fell below 50% 3597 | -10/Subcaves | Discovered new exit (range 12) 3613 | -10/Subcaves | Core integrity fell below 20% 3756 | -10/Subcaves | Discovered new exit (range 15) 3811 | -10/Subcaves | Shifting Twisted Machinery released Battle Cannon 4427 | -10/Subcaves | Shifting Twisted Machinery released Sub. Beam Cannon 4716 | -10/Subcaves | Shifting Twisted Machinery released Mak. Light Armor Plating 4856 | -10/Subcaves | Destroyed by AW-EOI(R) with Subdweller Beam Cannon Last Messages --------------- 04323_ HD-B2X(u) tweaks Twisted Machinery. Sub. Beam Cannon falls loose from the Twisted Machinery. 04534_ Searching scrap... 04534_ Found Mak. Light Armor Plating. 04534_ Found Flamer. 04534_ Found 11 Matter. 04535_ Acquired 11 matter. 04542_ Subatomizers dissect the Mak. Light Armor Plating. 04561_ Acquired derelict log, extracted data. Data stored: Mines entrances (x2). 04579_ Subatomizers dissect the Mak. Light Armor Plating. 04588_ Acquired Mak. Light Armor Plating. 04592_ Subatomizers dissect the Flamer. Mak. Light Armor Plating falls loose from the Twisted Machinery. 04752_ Acquired Mak. Light Armor Plating. 04854_ Imp. Ion Engine destroyed. Map ----- +----------------------------------------------------+ | ??????????????????????????????????????## | | ??????????????????????????????????????# ## | | ??????????????????????????????????????# ##### | | ??????????????????????????????????????# ## #### | | ??????????????????????????????????????# ?# | | ?????????????????????????????????????# ??# | | ????????????????????????????????????# ??# # | | ???????????????????????????????????# ???# #### | | ???????????????????????????????????# ???# #?# | | ???????????????????????????????????? ???## ##?## | | ????????????????????????????????????????## #???# | | ???????????????????????????????????????## ###?# | | ???????????????????????????????????????# ### | | ???????????????????????????????????????# ## | | ????????????????????????????????????#### ##? | | ???????????????????????????????????## ###?? | | ???????????????????????????????????# #???? | | ???????????????????????????????????# ### ##???? | | ???????????????????????????????????## #?######### | | ????????????????????????????????????## ##??##"## | | ????????????????????????????????????## "#### | | | ???????????????????????????????????##] " ## "#### | | ??????????????????????????????????##" #### ##?## | | ?????????????????????????####?????#" ##??## #??? | | ??????????????? #????### #######" ##??# #??? | | ??????????# " " # @ # ##"" ##?# ##?# | | ?????????? R "" ### ##?## | | ???????????????# #### " " ## #??# | | ??????????????????????# ##"" " " ## #??? | | ?????????????????????# "" " # #??? | | ????????????????????# "" #??? | | ??????????????????? ### # "" #??? | | ????????????????? ??## ######### ## ###??# | | ????????????????## ????####???????#### ######## | | ?????????????????## ?????????????????## ### | | ??????????????????# ??????????????????#""" ^ | | ??????????????????##??????????????????#""""" | | ??????????????????????????????????????###"" ## | | ????????????????????????????????????????### ##? | | ??????????????????????????????????????????## #?? | | ???????????????????????????????????????????# #?? | | ???????????????????????????????????????????#" #### | | ?????????????????????????????????????????###"" # | | ?????????????????????????????????????????#""" | | ?????????????????????????????????????????# " ### | | ?????????????????????????????????????????## ##" | | ??????????????????????????????????????????## #### | | ???????????????????????????????????????????# #??? | | ???????????????????????????????????????????# ??? | | ???????????????????????????????????????????## ##?? | +----------------------------------------------------+ Best States ------------- Heat Dissipation 25 Energy Generation 12 Energy Capacity 265 Matter Stores 300 Matter Capacity 300 Sight Range 16 Terrain Scan Density 10 Core Shielding 20 Weapon Shielding 33 Evasion (%) 40 Targeting Accuracy 5 Recoil Reduction 2 Item Schematics ----------------- None Robot Schematics ------------------ None Fabricated ------------ Nothing Alien Tech Used ----------------- None Achievements -------------- None Challenges ------------ None Game ------ Seed WarpProtonProcessor Manual? 0 Play Time 00:23:45 Cumulative 73.8 hours Start 2024.05.17 @ 18:10:34 End 2024.05.17 @ 18:32:02 Sessions 1 Manual Loads 0 Difficulty Rogue Special Mode None Game No. 112 Rogue 112 Adventurer 0 Explorer 0 Win Type - Total 1 Types 1/0/0/0/0/0/0/0/0 Lore% 37 Gallery% 42 Achievement% 31 Wizard Run 0 Options --------- Layout 1 ASCII 0 Keyboard 1 Movement Numpad Keybinds 0 Fullscreen 1 Font 24/Smallcaps Map View 50x35 Zoom Use 0% Tactical HUD 1 Map Filters NONE Filters NONE Steam 1 RUN: b1e51389-2d91-47e0-9510-12437028c785